 Dungeon Crawl Stone Soup version 0.17-a0-2014-g32cd421 (webtiles) character file.

1294 Shim the Ducker (level 8, -2/60 HPs)
             Began as a Human Gladiator on Oct 9, 2015.
             Was a Believer of Okawaru.
             Killed from afar by an oklob plant (8 damage)
             ... with a splash of acid
             ... on level 6 of the Dungeon.
             The game lasted 00:38:21 (6988 turns).

Shim the Ducker (Human Gladiator)                   Turns: 6988, Time: 00:38:21

Health: -2/60      AC: 11    Str: 15      XL:     8   Next: 86%
Magic:  8/8        EV: 12    Int:  9      God:    Okawaru [**....]
Gold:   177        SH:  7    Dex: 15 (16) Spells: 0 memorised, 7 levels left

rFire  . . .     SeeInvis .     a - +0 trident
rCold  + . .     Clarity  .     y - +3 leather armour {MR+}
rNeg   . . .     SustAt   .     M - +0 shield (curse)
rPois  .         Gourm    .     c - +1 helmet
rElec  .         Spirit   .     (no cloak)
rCorr  .         Warding  .     (no gloves)
rMut   .         Rnd*Tele +     q - +2 pair of boots {Fly}
MR     +....                    (no amulet)
Stlth  ++........               F - ring of protection from cold
                                m - ring of teleportation (curse)

@: flying, somewhat resistant to hostile enchantments, unstealthy
A: no striking features
a: Heroism, Renounce Religion, Stop Flying, Evoke Teleportation


You were on level 6 of the Dungeon.
You worshipped Okawaru.
Okawaru was pleased with you.
You were very hungry.

You visited 1 branch of the dungeon, and saw 7 of its levels.

You collected 373 gold pieces.
You spent 196 gold pieces at shops.

Inventory:

Hand Weapons
 a - a +0 trident (weapon)
 i - a +0 falchion of electrocution
 l - a -2 hand axe
 s - a +3 flail
 B - a +0 shortbow
 J - a +0 halberd
Missiles
 d - a throwing net (quivered)
 C - 71 arrows
Armour
 b - a +0 leather armour
 c - a +1 helmet (worn)
 q - a +2 pair of boots of flying (worn)
 y - a +3 leather armour of magic resistance (worn)
 A - a +0 pair of boots
 K - a +2 ring mail of positive energy
 M - a cursed +0 shield (worn)
Jewellery
 m - a cursed ring of teleportation (left hand)
 F - a ring of protection from cold (right hand)
Wands
 f - a wand of magic darts (17)
 D - a wand of draining (6)
 N - a wand of cold (3)
Scrolls
 j - 3 scrolls of enchant armour
 n - a scroll of enchant weapon {unknown}
 p - 3 scrolls of remove curse
 r - a scroll of noise {unknown}
 u - a scroll of teleportation {unknown}
 w - a scroll of magic mapping {unknown}
 E - a scroll of fear {unknown}
 G - a scroll of vulnerability {unknown}
 I - a scroll of recharging
Potions
 g - a potion of magic {unknown}
 h - a potion of agility {unknown}
 o - 2 potions of ambrosia {unknown}
 t - 3 potions of lignification
 x - a potion of heal wounds
 z - 5 potions of curing
 H - 2 potions of degeneration {unknown}
 O - a potion of flight {unknown}
Comestibles
 e - 2 bread rations
 k - a beef jerky
 v - 2 meat rations


   Skills:
 + Level 3.8 Fighting
 + Level 2.3 Long Blades
 + Level 1.4 Maces & Flails
 + Level 4.2 Polearms
 + Level 1.5 Bows
 + Level 2.4 Throwing
 + Level 3.3 Armour
 + Level 6.5 Dodging
 * Level 4.1 Stealth
 + Level 0.2 Shields
 * Level 0.1 Spellcasting
 + Level 1.0 Invocations


You had 7 spell levels left.
You didn't know any spells.

Dungeon Overview and Level Annotations

Branches:
Dungeon (7/15)
 Temple: D:4-7

Altars:
Dithmenos
Fedhas
Makhleb
Nemelex Xobeh
Okawaru
Vehumet
Xom
Yredelemnul

Shops:
D:4 *:!

Annotations:
D:6 exclusion: oklob plant


Message History

The plant is almost destroyed.
You hit the plant.
The plant is almost destroyed.
You hit the plant.
You destroy the plant!
The oklob plant spits acid at you. The splash of acid hits you!
The acid burns!
Attack whom?
Press: ? - help, Dir - move target cursor, f - oklob plant
Aim: an oklob plant You reach to attack!
You hit the oklob plant.
The oklob plant is lightly damaged.
The oklob plant spits acid at you. The splash of acid hits you!
The acid burns!
The oklob plant spits acid at you. The splash of acid hits you!
The acid burns!
* * * LOW HITPOINT WARNING * * *
The oklob plant spits acid at you. The splash of acid hits you!
You die... ##[###.......###.# #.# #.# #...#.#####..###.####.# #.. #.).................#.# ### #....####################### # ##.#.# ##PP##P#PPP.PPP.P#P## # #.#.# #PPP.PPPPPP.PP#PPP.P#

# ###.#.####PP%.PPP.P#PP.P#P.# #
.........#P%.#..PP#PPPPPPPP### #
...#..####P.%PP#@.......PPP.P####
#.###.## ##P%PP#..≈≈≈≈≈...#P.#...
.## ##.# #PPPPP..≈≈≈≈≈≈≈..#PP####
#.###.## #P.PP..≈≈≈≈≈≈≈≈≈..#
##.#.## ###PP.≈≈≈≈≈≈≈≈≈≈≈.# ####
###..# #PP.≈≈≈≈...≈≈≈≈.###... #
#..# .P##......_.≈≈≈≈.....## #
#..#####PP#P.≈≈≈≈...≈≈≈≈.##### #
#......# PPP.≈≈≈≈≈≈≈≈≈≈≈.P.#


You could see an oklob plant.

Vanquished Creatures
  A sky beast (D:4)
  An ice beast (D:6)
  2 centaurs
  A necrophage (D:5)
  An ogre (D:5)
  A gnoll sergeant (D:6)
  A scorpion (D:4)
  2 crimson imps
  A hound (D:6)
  2 iguanas
  A giant frog zombie (D:6)
  2 orc wizards
  2 orc priests
  A quasit (D:6)
  A statue (D:4)
  2 worker ants
  6 adders
  8 gnolls
  A shadow imp (D:6)
  2 oozes
  2 worms
  3 giant geckos
  12 orcs
  A ball python (D:3)
  8 bats
  5 giant cockroaches
  10 goblins
  9 hobgoblins
  8 jackals
  12 kobolds
  3 quokkas
  A giant gecko skeleton (D:4)
  8 giant newts
  5 rats
  A fungus (D:6)
  2 plants (D:6)
129 creatures vanquished.

Vanquished Creatures (others)
  2 jackals (D:1)
2 creatures vanquished.

Grand Total: 131 creatures vanquished

Notes
Turn   | Place    | Note
--------------------------------------------------------------
     0 | D:1      | Shim the Human Gladiator began the quest for the Orb.
     0 | D:1      | Reached XP level 1. HP: 16/16 MP: 1/1
   279 | D:1      | Reached XP level 2. HP: 22/22 MP: 2/2
   541 | D:1      | Found an iron altar of Okawaru.
   544 | D:1      | Reached XP level 3. HP: 27/27 MP: 3/3
   572 | D:1      | Became a worshipper of Warmaster Okawaru
   972 | D:2      | Reached skill level 1 in Armour
   998 | D:2      | Reached XP level 4. HP: 28/33 MP: 4/4
  1239 | D:2      | Found a sparkling altar of Nemelex Xobeh.
  1302 | D:2      | Reached skill level 1 in Stealth
  1350 | D:2      | Found a shadowy altar of Dithmenos.
  1652 | D:3      | Reached XP level 5. HP: 28/39 MP: 5/5
  2248 | D:3      | Reached skill level 4 in Dodging
  2429 | D:3      | Found a faded altar to an unknown god.
  2566 | D:3      | Reached XP level 6. HP: 39/46 MP: 6/6
  2939 | D:4      | Found a shimmering altar of Xom.
  2946 | D:4      | Found a shimmering altar of Xom.
  2961 | D:4      | Found a shimmering altar of Xom.
  2962 | D:4      | Found a shimmering altar of Xom.
  2966 | D:4      | Found a shimmering altar of Xom.
  2966 | D:4      | Found a shimmering altar of Xom.
  2980 | D:4      | Found a shimmering altar of Xom.
  2981 | D:4      | Found a shimmering altar of Xom.
  3114 | D:4      | Found a radiant altar of Vehumet.
  3417 | D:4      | Reached skill level 1 in Long Blades
  3786 | D:4      | Found Uqa Jyng's Distillery.
  3796 | D:4      | Bought a potion of heal wounds for 50 gold pieces
  3796 | D:4      | Bought a potion of curing for 30 gold pieces
  3796 | D:4      | Bought a potion of curing for 30 gold pieces
  3796 | D:4      | Bought a potion of curing for 30 gold pieces
  3837 | D:4      | Noticed a sky beast
  3877 | D:4      | Killed a sky beast
  3877 | D:4      | Reached XP level 7. HP: 38/52 MP: 7/7
  4171 | D:4      | Found Tom Yric's Assorted Antiques.
  4177 | D:4      | Bought a runed leather armour for 56 gold pieces
  4220 | D:4      | Found Deahiudy's Book Boutique.
  4266 | D:5      | Entered Level 5 of the Dungeon
  4303 | D:5      | Acquired Okawaru's first power
  4303 | D:5      | Reached skill level 5 in Dodging
  4616 | D:5      | Reached XP level 8. HP: 11/58 MP: 8/8
  5476 | D:5      | Reached skill level 1 in Maces & Flails
  5567 | D:6      | Found a blossoming altar of Fedhas.
  6016 | D:6      | Reached skill level 1 in Bows
  6039 | D:7      | Reached skill level 6 in Dodging
  6044 | D:7      | Reached skill level 1 in Invocations
  6114 | D:6      | Found a basalt altar of Yredelemnul.
  6720 | D:6      | Found a burning altar of Makhleb.
  6892 | D:6      | Noticed an oklob plant
  6988 | D:6      | Killed from afar by an oklob plant

Vault maps used:
D:1:      shiori_arrival_oz, okawaru_ov_weapons_minmay
D:2:      nicolae_dithmenos_through_a_glass_darkly,
          nicolae_overflow_crystal_walls, first_bread, kennysheep_generic_room_2
D:3:      ecumenical_altar_2, bh_walls_and_bars
D:4:      xom_redecorated, vehumet_statue, serial_shops, kennysheep_little_box,
          shop_statue, shop, kennysheep_generic_room_9
D:5:      corexii_shack
D:6:      tgw_fedhas, yredelemnul_altar_generic, makhleb_grotto_becter
D:7:      nicolae_ashenzari_panopticon, tso_oasis_becter,
          minmay_temple_entry_overgrown, serial_shops, shop, uniq_joseph

Action                   |  1- 3 |  4- 6 |  7- 9 || total
-------------------------+-------+-------+-------++-------
Melee: Trident           |    99 |   123 |   233 ||   455
       Falchion          |       |   124 |    31 ||   155
       Flail             |       |    11 |    63 ||    74
 Fire: Shortbow          |       |       |    14 ||    14
Throw: Throwing net      |     2 |     2 |     1 ||     5
Invok: Heroism           |       |       |     4 ||     4
  Use: Scroll            |     3 |     2 |     1 ||     6
       Potion            |       |     1 |       ||     1
 Stab: Held in net/web   |     1 |       |       ||     1
       Distracted        |       |     1 |       ||     1
       Sleeping          |       |     1 |     5 ||     6
  Eat: Chunk             |       |    10 |     8 ||    18
       Beef jerky        |       |       |     1 ||     1
